 Dungeon Crawl Stone Soup version 0.32-a0-886-g41c5271027 (webtiles) character file.

Game seed: 16354413530767986978

55 DEFE the Trooper (level 3, -2/30 HPs)
             Began as a Coglin Fighter on Apr 2, 2024.
             Slain by a goblin
             ... wielding a +0 dagger
             ... led by Robin
              (4 damage)
             ... on level 2 of the Dungeon.
             The game lasted 00:01:27 (1147 turns).

DEFE the Trooper (Coglin Fighter)                   Turns: 1147, Time: 00:01:28

Health: -2/30      AC:  6    Str: 18    XL:     3   Next: 93%
Magic:  3/3        EV:  8    Int:  7    God:
Gold:   49         SH:  0    Dex: 13    Spells: 2/2 levels left

rFire   . . .        a - +0 war axe {Suchat}
rCold   . . .        j - +2 whip (elec) {Aylmer}
rNeg    . . .        b - +0 scale mail
rPois   .            (no helmet)
rElec   .            (no cloak)
rCorr   .            (no gloves)
SInv    .            (no boots)
Will    .....        (amulet unavailable) Stlth
                     (ring unavailable)
HPRegen 0.25/turn    (ring unavailable)
MPRegen 0.08/turn    (no gizmo)

%: no passive effects
@: mighty, revving
A: off-hand wielding, slow wielding, warmup strikes, no jewellery
a: Invent Gizmo


You were on level 2 of the Dungeon.
You visited 1 branch of the dungeon, and saw 2 of its levels.

You collected 49 gold pieces.

Inventory:

Hand Weapons
 a - a +0 war axe (weapon) {Suchat}
 j - a +2 whip of electrocution (offhand) {Aylmer}
Armour
 b - a +0 scale mail (worn)
 c - a +0 buckler
Scrolls
 e - a scroll of enchant weapon {unknown}
 f - a scroll of revelation {unknown}
 g - 2 scrolls of amnesia {unknown}
 h - a scroll of vulnerability {unknown}
 i - 2 scrolls of poison {unknown}
Potions
 d - 2 potions of might


   Skills:
 + Level 4.0 Fighting
 - Level 2.4 Axes
 - Level 3.0 Armour
 - Level 2.4 Shields


You had 2 spell levels left.
You didn't know any spells.
Your spell library was empty.

Dungeon Overview and Level Annotations

Branches:
Dungeon (2/15)

Altars:

Annotations:
D:2 Robin


Innate Abilities, Weirdness & Mutations

You can wield a second weapon in your off-hand.
It takes a long time for you to wield or remove held weapons.
Your first few attacks do less damage.
You cannot equip rings or amulets.


Message History

You kill the hobgoblin!
A hobgoblin comes into view.
Robin throws the goblin at you! The goblin barely misses you.
The goblin hits you but does no damage. The goblin hits you with a +0 club.
The goblin hits you but does no damage. The goblin hits you with a +0 dagger.
A goblin comes into view. It is wielding a +0 club.
You slash the goblin with your +0 war axe!
You kill the goblin!
You closely miss the goblin with your +0 war axe.
You completely miss the hobgoblin with your +0 war axe.
You hit the goblin with your +0 war axe.
You kill the goblin!
You hit the goblin but do no damage. The goblin closely misses you.
The goblin unwields a +0 dagger.
The goblin wields a +0 sling.
The goblin shoots a sling bullet.
The sling bullet hits you but does no damage.
The hobgoblin hits you. The goblin hits you with a +0 dagger.
* * * LOW HITPOINT WARNING * * *
Robin throws the goblin at you!
Your Fighting skill increases to level 4!
You are too injured to fight recklessly!
Unknown command.
You are too injured to fight recklessly!
You feel very mighty all of a sudden. The goblin barely misses you.
The goblin hits you but does no damage.
The hobgoblin hits you but does no damage.
The goblin hits you but does no damage.
The goblin shoots a sling bullet.
The sling bullet hits you.
* * * LOW HITPOINT WARNING * * *
Unknown command.
You closely miss the goblin with your +2 whip of electrocution.
You barely miss the goblin with your +0 war axe. x2
You slash the hobgoblin with your +0 war axe!
You kill the hobgoblin!
You slash the goblin with your +0 war axe!
You kill the goblin!
The goblin hits you with a +0 dagger.
* * * LOW HITPOINT WARNING * * *
The goblin hits you with a +0 dagger.
You die...

#...## #.#...
#...## ##.## #.#
#.# #.#
###############
#.#
...g.g)@g.....#
#.#
....gg))g.#.#.#
#.#
####..###...#.#
#.# #..
###.##.######.###
#.
#................
#.
#.####.##########
# .. #.# ## #.#
#.#


You could see Robin, 2 hobgoblins and 3 goblins.

Vanquished Creatures
  2 adders (D:2)
  2 bats (D:1)
  3 endoplasms (D:1)
  A giant cockroach (D:1)
  7 goblins
  3 hobgoblins (D:2)
  5 quokkas (D:1)
  3 ball pythons (D:1)
  4 frilled lizards
  4 kobolds (D:1)
  4 rats (D:1)
38 creatures vanquished.

Notes
Turn   | Place    | Note
-------+----------+-------------------------------------------
     0 | D:1      | DEFE the Coglin Fighter began the quest for the Orb.
     0 | D:1      | Reached XP level 1. HP: 18/18 MP: 1/1
   118 | D:1      | Reached XP level 2. HP: 22/24 MP: 2/2
   697 | D:1      | Reached XP level 3. HP: 27/29 MP: 3/3
  1141 | D:2      | Noticed Robin
  1146 | D:2      | Reached skill level 4 in Fighting
  1147 | D:2      | Slain by a goblin

Illustrated notes

Levels and vault maps discovered:
D:1:      erik_arrival_blinker_ship, layout_loops_ring
D:2:      layout_loops_ring, kennysheep_generic_room_3, uniq_sigmund,
          uniq_jessica, uniq_robin

Skill      XL: |  1  2  3 |
---------------+----------+-----
Armour         | 3 |  3.0
Fighting       | 4 |  4.0
Axes           | |  2.4
Shields        | |  2.4

Action                     || total
---------------------------++-------
  Melee: War axe           ||   100
         Whip              ||    19
    Use: Potion            ||     1
 Armour: Scale mail        ||    95
  Dodge: Dodged            ||    41
  Block: Buckler           ||    23

Table legend: (Time is in decaauts)
 A = Elapsed time spent in this place.
 B = Non-inter-level travel time spent in this place.
 C = Inter-level travel time spent in this place.
 D = Time resting spent in this place.
 E = Time spent auto-exploring this place.
 F = Levels seen in this place.
 G = Mean time per level.
                   A        B        C        D        E       F      G
               +--------+--------+--------+--------+--------+-----+--------+
         Total |   1185 |   1163 |     22 |    252 |    635 |   2 |  592.5 |
       Dungeon |   1185 |   1163 |     22 |    252 |    635 |   2 |  592.5 |
               +--------+--------+--------+--------+--------+-----+--------+

Top non-repeatable levels by time:
     D:1: 956 daAuts
     D:2: 229 daAuts
